AoeStats
← 白鹿城拉车车

Arena

508889774Analyzed
4v4 RM · 6d ago on Sep 24, 2026· 42m 3s· 8 players
Game mode
Random Map
Map size
Large (8 player)
Population
200
Speed
Normal
Resources
Standard
Victory
Conquest
Starting age
Dark Age
Ending age
Imperial Age
RankedLock teamsTeams togetherTeam positionsShared explorationLock speedFull tech treeHidden civsTurbo modeCheats
Victory
Defeat
🇨🇳 Mapuche · China
1365
+10
1351
+11
🇪🇸 Bohemians · Spain
1249
+15
1176
+18
🇨🇳 Franks · China
1245
-14
🇹🇼 Hindustanis · Taiwan
1231
-14
🇹🇼 Saxons · Taiwan
1224
-13
🇨🇳 Bohemians · China
1218
-13
口愛的來福
11:16 Feudal Age
15:11 Castle Age
13:23 Double-Bit Axe
14:53 Horse Collar
16:55 Crossbowman
18:36 Fletching
19:41 Padded Archer Armor
19:33 Loom
20:54 Gold Mining
23:53 Bodkin Arrow
27:37 Ballistics
28:29 Bow Saw
29:50 Wheelbarrow
31:55 Fortified Wall
34:48 Imperial Age
33:47 Leather Archer Armor
35:34 Bracer
35:54 Thumb Ring
plesae963
9:26 Loom
11:28 Feudal Age
12:18 Double-Bit Axe
16:21 Castle Age
14:17 Horse Collar
14:38 Gold Mining
19:06 Bow Saw
33:34 Wheelbarrow
33:17 Scale Mail Armor
32:57 Pikeman
33:37 Squires
34:58 Grand Trunk Road
37:46 Forging
38:05 Hand Cart
40:48 Imperial Age
40:18 Heavy Plow
41:08 Chain Mail Armor
40:56 Elite Ghulam
42:41 Iron Casting
高大爷
10:08 Feudal Age
14:35 Castle Age
13:07 Double-Bit Axe
13:35 Horse Collar
22:35 Wheelbarrow
28:43 Imperial Age
26:30 Heavy Plow
28:48 Chemistry
28:05 Padded Archer Armor
27:56 Fletching
28:17 Forging
28:50 Pikeman
29:31 Squires
29:17 Arson
30:18 Bow Saw
30:25 Hand Cart
29:56 Loom
29:57 Town Watch
30:11 Bodkin Arrow
30:53 Iron Casting
30:20 Scale Mail Armor
31:03 Conscription
31:40 Ballistics
33:09 Halberdier
34:52 Blast Furnace
35:35 Houfnice
37:09 Wagenburg Tactics
38:44 Chain Mail Armor
play for fun
8:30 Loom
10:25 Feudal Age
12:36 Double-Bit Axe
15:03 Castle Age
19:47 Wheelbarrow
21:59 Bow Saw
23:35 Hand Cart
23:06 Town Watch
28:24 Imperial Age
26:58 Forging
26:42 Stone Mining
28:55 Iron Casting
28:21 Scale Mail Armor
28:22 Squires
29:48 Conscription
30:34 Gold Mining
30:58 Cavalier
31:46 Scale Barding Armor
32:49 Blast Furnace
32:45 Gold Shaft Mining
31:44 Elite Throwing Axeman
32:39 Husbandry
32:45 Pikeman
34:31 Blast Furnace
33:46 Chain Mail Armor
33:10 Light Cavalry
35:39 Chain Barding Armor
35:49 Plate Mail Armor
37:24 Plate Barding Armor
重案组之虎曹达华JESSEJAMES
11:07 Feudal Age
11:53 Double-Bit Axe
11:53 Horse Collar
15:10 Castle Age
16:41 Wheelbarrow
16:24 Bow Saw
17:18 Heavy Plow
22:20 Wheelbarrow
21:53 Gold Mining
23:06 Loom
25:18 Hand Cart
25:41 Gold Shaft Mining
29:05 Imperial Age
27:56 Husbandry
28:04 Scale Barding Armor
28:14 Bloodlines
29:10 Chain Barding Armor
29:09 Tusk Swords
29:25 Forging
30:43 Plate Barding Armor
30:00 Fletching
30:36 Heavy Scorpion
33:03 Chemistry
32:24 Ballistics
33:29 Bodkin Arrow
34:02 Siege Engineers
34:46 Conscription
34:27 Double Crossbow
36:36 Fortified Wall
37:33 Elite Battle Elephant
38:19 Bracer
微操大师蒋中正
9:59 Feudal Age
13:37 Castle Age
12:04 Double-Bit Axe
12:31 Horse Collar
14:01 Loom
19:26 Scale Mail Armor
20:51 Squires
26:39 Town Watch
27:27 Chain Mail Armor
27:22 Forging
28:20 Arson
30:47 Iron Casting
37:36 Imperial Age
35:19 Gambesons
37:00 Wheelbarrow
38:29 Hand Cart
39:18 Blast Furnace
38:08 Fletching
38:19 Padded Archer Armor
38:27 Capped Ram
39:40 Bow Saw
41:19 Siege Ram
41:53 Elite Varangian Guard
aKrasia
10:17 Feudal Age
10:57 Double-Bit Axe
13:50 Castle Age
12:32 Horse Collar
18:30 Wheelbarrow
20:41 Bow Saw
23:19 Heavy Plow
25:31 Hand Cart
28:07 Imperial Age
26:14 Scale Mail Armor
26:44 Forging
27:11 Ballistics
27:54 Chemistry
27:16 Loom
27:03 Pikeman
27:45 Squires
27:30 Arson
29:00 Chain Mail Armor
28:11 Halberdier
30:17 Two-Man Saw
30:16 Plate Mail Armor
30:31 Siege Engineers
32:01 Iron Casting
31:01 Houfnice
35:24 Wagenburg Tactics
39:11 Blast Furnace
42:22 Bombard Tower
白鹿城拉车车
10:34 Feudal Age
11:36 Double-Bit Axe
11:33 Horse Collar
14:21 Castle Age
12:31 Gold Mining
15:20 Bow Saw
17:16 Wheelbarrow
18:28 Fletching
19:05 Padded Archer Armor
22:42 Bodkin Arrow
23:02 Loom
25:34 Heavy Plow
26:57 Leather Archer Armor
26:53 Town Watch
32:59 Imperial Age
31:42 Ballistics
32:33 Hand Cart
32:36 Malon
35:13 Chemistry
35:01 Ring Archer Armor
35:41 Crop Rotation
35:47 Gold Shaft Mining
35:53 Elite Bolas Rider
36:55 Conscription
37:50 Butalmapu
38:19 Siege Engineers
37:47 Elite Kona
39:12 Scale Mail Armor
39:23 Forging
39:16 Stone Mining
39:57 Town Patrol
40:59 Chain Mail Armor
41:19 Iron Casting
40:57 Caravan
41:43 Stone Shaft Mining
41:33 Treadmill Crane
42:31 Plate Mail Armor
Connection lost

Rejoining the realm…

Still unreachable

The connection could not be restored.

Session expired

The server has moved on; the page needs a fresh start.